 Dungeon Crawl Stone Soup version 0.30.1-4-g462c640d31 (webtiles) character file.

Game seed: 18018972542231689399

181 monsoonserge the Slasher (level 5, -6/42 HPs)
             Began as a Demonspawn Monk on Sept 2, 2023.
             Mangled by an orc
             ... wielding a +2 dagger of electrocution
              (12 damage)
             ... on level 5 of the Dungeon.
             The game lasted 00:05:30 (2266 turns).

monsoonserge the Slasher (Demonspawn Monk)          Turns: 2266, Time: 00:05:30

Health: -6/42      AC:  6    Str: 12    XL:     5   Next: 34%
Magic:  5/5        EV: 12    Int: 17    God:
Gold:   203        SH:  4    Dex: 17    Spells: 4/4 levels left

rFire   . . .        t - +1 dagger (protect)
rCold   + . .        v - +0 buckler
rNeg    . . .        i - +2 leather armour {rC+}
rPois   .            (no helmet)
rElec   .            (no cloak)
rCorr   +            (no gloves)
SInv    .            (no boots)
Will    .....        b - amulet of regeneration
Stlth   +            h - ring of resist corrosion
HPRegen 1.07/turn    l - +6 ring of intelligence
MPRegen 0.09/turn

%: no passive effects
@: brilliant
A: hooves 1, spiny 1, sharp scales 1
a: no special abilities


You were on level 5 of the Dungeon.
You visited 1 branch of the dungeon, and saw 5 of its levels.

You collected 203 gold pieces.

Inventory:

Hand Weapons
 a - a +0 falchion
 t - a +1 dagger of protection (weapon)
Missiles
 q - 4 javelins (quivered)
 u - 5 boomerangs
Armour
 i - a +2 leather armour of cold resistance (worn)
 v - a +0 buckler (worn)
Magical Staves
 w - a staff of air
Jewellery
 b - an amulet of regeneration (around neck)
 h - a ring of resist corrosion (left hand)
 l - a +6 ring of intelligence (right hand)
Scrolls
 e - a scroll of enchant armour {unknown}
 g - a scroll of fog {unknown}
 j - 3 scrolls of identify {unknown}
 k - 2 scrolls of enchant weapon {unknown}
 o - a scroll of fear {unknown}
 s - 2 scrolls of magic mapping {unknown}
 x - a scroll of silence {unknown}
Potions
 c - a potion of ambrosia
 f - a potion of berserk rage {unknown}
 m - a potion of invisibility {unknown}
 n - a potion of heal wounds {unknown}
 p - 2 potions of degeneration {unknown}
 r - a potion of curing {unknown}


   Skills:
 + Level 3.8 Fighting
 + Level 0.2(2.6) Short Blades
 + Level 4.3 Long Blades
 + Level 1.6 Armour
 + Level 3.1 Dodging
 + Level 0.1 Stealth


You had 4 spell levels left.
You didn't know any spells.
Your spell library contained the following spells:

 Spells                   Type           Power      Damage    Failure   Level
 Necrotise                Necr           0%         1d4       41%         1
 Vampiric Draining        Necr           0%         2d6       78%         3
 Manifold Assault         Tloc           0%         N/A       99%         4
 Agony                    Necr           0%         N/A       100%        5
 Dispersal                Tloc           0%         N/A       100%        6
 Disjunction              Tloc           0%         N/A       100%        8


Dungeon Overview and Level Annotations

Branches:
Dungeon (5/15)
 Temple: D:4-7

Altars:
Ashenzari
Nemelex Xobeh


Innate Abilities, Weirdness & Mutations

You have large cloven feet.
You are partially covered in sharp spines.
You are partially covered in razor-sharp scales. (AC +1, Slay +1)


Message History

The orc hits you with a +2 dagger of electrocution.
You are electrocuted!!
The orc priest hits you but does no damage.
You hit the orc priest. Your kick misses the orc priest.
The orc priest is almost dead.
The orc priest calls upon Beogh to heal the orc priest.
The orc priest is healed somewhat.
The orc hits you but does no damage.
You are electrocuted!
* * * LOW HITPOINT WARNING * * *
The orc priest calls upon Beogh to heal the orc.
The orc's wounds heal themselves!
Okay, then.
You hit the orc priest. You kick the orc priest.
The orc priest is almost dead.
You block the orc's attack. The orc priest closely misses you.
You barely miss the orc priest.
The orc priest is almost dead.
The orc barely misses you. You block the orc priest's attack.
You hit the orc priest.
You kill the orc priest!
The orc is struck by your spines. The orc hits you but does no damage.
The orc attacks as you move away!
The orc hits you with a +2 dagger of electrocution.
* * * LOW HITPOINT WARNING * * *
The orc priest invokes the aid of Beogh against you.
Beogh smites you!
* * * LOW HITPOINT WARNING * * *
The orc hits you but does no damage. The orc attacks as you move away!
The orc barely misses you.
There is a stone staircase leading down here.
The orc barely misses you.
You climb downwards.
The hound barks!
The black bear growls angrily.
There is a stone staircase leading up here.
It was a potion of brilliance.
You feel clever all of a sudden.
The orc hits you with a +2 dagger of electrocution.
* * * LOW HITPOINT WARNING * * *
You are electrocuted!
You die...

## ##.#
#..## .
#..h# ...
##...#....
#..o......
#.@.......
##...####.
##..# ..#
..h ....
..#..
###...


You could see a black bear, a hound and an orc.

Vanquished Creatures
  An orc priest (D:4)
  An adder (D:2)
  4 gnolls (D:2)
  A worm (D:3)
  4 dart slugs
  3 orcs
  7 bats
  10 endoplasms
  5 giant cockroaches
  5 goblins
  8 hobgoblins
  4 jackals (D:1)
  2 quokkas
  8 ball pythons
  6 frilled lizards
  4 kobolds
  19 rats
92 creatures vanquished.

Notes
Turn   | Place    | Note
-------+----------+-------------------------------------------
     0 | D:1      | monsoonserge the Demonspawn Monk began the quest for the
                  | Orb.
     0 | D:1      | Reached XP level 1. HP: 18/18 MP: 1/1
    49 | D:1      | Reached skill level 3 in Long Blades
    54 | D:1      | Gained mutation: You are partially covered in razor-sharp
                  | scales. (AC +1, Slay +1) [demonic ancestry]
    54 | D:1      | Reached XP level 2. HP: 18/24 MP: 2/2
   410 | D:1      | Reached XP level 3. HP: 27/29 MP: 3/3
   984 | D:2      | Gained mutation: You have large cloven feet. [demonic
                  | ancestry]
   984 | D:2      | Reached XP level 4. HP: 35/35 MP: 4/4
  1085 | D:2      | Reached skill level 4 in Long Blades
  1124 | D:2      | Reached skill level 1 in Armour
  1716 | D:3      | Gained mutation: You are partially covered in sharp spines.
                  | [demonic ancestry]
  1716 | D:3      | Reached XP level 5. HP: 42/42 MP: 5/5
  2149 | D:3      | Found a broken altar of Ashenzari.
  2151 | D:3      | Found a sparkling altar of Nemelex Xobeh.
  2260 | D:4      | HP: 1/42 [orc priest/divine providence (10)]
  2265 | D:5      | Entered Level 5 of the Dungeon
  2265 | D:5      | Noticed a black bear
  2266 | D:5      | Mangled by an orc

Illustrated notes

Levels and vault maps discovered:
D:1:      minmay_arrival_four_loops, layout_loops_cross, minmay_rat_gold_closets
D:2:      layout_basic, minmay_vboxes
D:3:      layout_loops_ring, nicolae_overflow_hidden_temple
D:4:      layout_gridville, grunt_qazlal_clouds,
          mainiacjoe_overflow_tiny_flanked, amcnicky_altar_gilded
D:5:      dreamdust_elfheim, layout_cave_pools, nicolae_uskayaw_en_pointe,
          minmay_temple_entry_wispy, feat_on_display, uniq_eustachio

Skill      XL: |  1  2  3  4 |
---------------+-------------+-----
Long Blades    | 3 4 |  4.3
Dodging        | 3 |  3.1
Armour         | 1 |  1.6
Fighting       | |  3.8
Short Blades   | |  0.2
Stealth        | |  0.1

Action                     |  1- 3 |  4- 6 || total
---------------------------+-------+-------++-------
  Melee: Falchion          |   103 |    43 ||   146
         Kick              |       |    35 ||    35
         Dagger            |       |    48 ||    48
    Use: Potion            |       |     1 ||     1
 Armour: Robe              |     9 |       ||     9
         Leather armour    |    20 |    34 ||    54
  Dodge: Dodged            |    64 |    41 ||   105
  Block: Buckler           |       |     7 ||     7
